 Dungeon Crawl Stone Soup version 0.17.1-1-g73c8601 (webtiles) character file.

905 Mysteryquy the Cleaver (level 7, -2/57 HPs)
             Began as a Minotaur Berserker on Jan 4, 2016.
             Was an Elder of Trog.
             Slain by an iguana (10 damage)
             ... on level 8 of the Dungeon.
             The game lasted 00:09:43 (2997 turns).

Mysteryquy the Cleaver (Minotaur Berserker)         Turns: 2997, Time: 00:09:43

Health: -2/57      AC:  7    Str: 23      XL:     7   Next: 80%
Magic:  6/6        EV: 11    Int:  2 (4)  God:    Trog [****..]
Gold:   129        SH:  0    Dex: 10      Spells: 0 memorised, 6 levels left

rFire  . . .     SeeInvis .     a - +0 hand axe
rCold  . . .     Clarity  .     r - +0 ring mail (curse)
rNeg   . . .     SustAt   .     (no shield)
rPois  .         Gourm    .     q - +2 hat
rElec  .         Spirit   .     (no cloak)
rCorr  .         Warding  .     (no gloves)
rMut   .         Stasis   .     (no boots)
MR     .....                    (no amulet)
Stlth  ..........               (no ring)
                                (no ring)

@: not resistant to hostile enchantments, extremely unstealthy
A: retaliatory headbutt, horns 2
a: Berserk, Trog's Hand, Brothers in Arms, Burn Spellbooks, Renounce Religion


You were on level 8 of the Dungeon.
You worshipped Trog.
Trog was greatly pleased with you.
You were near starving.

You visited 1 branch of the dungeon, and saw 6 of its levels.

You collected 129 gold pieces.

Inventory:

Hand Weapons
 a - a +0 hand axe (weapon)
Missiles
 B - 8 tomahawks (quivered)
Armour
 b - a +0 animal skin
 q - a +2 hat (worn)
 r - a cursed +0 ring mail (worn)
 E - a +2 scale mail of cold resistance
Jewellery
 d - an uncursed amulet of clarity {unknown}
 f - a cursed amulet of inaccuracy {unknown}
 t - an uncursed amulet of clarity {unknown}
 w - an uncursed ring of see invisible {unknown}
 C - an uncursed amulet of the gourmand {unknown}
Scrolls
 j - 4 scrolls of enchant weapon {unknown}
 l - a scroll of remove curse {unknown}
 m - 2 scrolls of teleportation {unknown}
 o - a scroll of enchant armour {unknown}
 s - a scroll of magic mapping {unknown}
 u - a scroll of fog {unknown}
 y - a scroll of identify {unknown}
 A - a scroll of immolation {unknown}
Potions
 e - a potion of ambrosia
 g - 2 potions of brilliance
 i - a potion of might
 k - 2 potions of degeneration
 D - a potion of beneficial mutation {unknown}
 F - a potion of agility {unknown}
Comestibles
 c - 2 bread rations
 n - 2 meat rations
 p - 2 beef jerkies
 x - 2 royal jellies
 z - 4 fruits


   Skills:
 - Level 3.6 Fighting
 + Level 11.1 Axes
 - Level 2.4 Armour
 - Level 2.1 Dodging


You had 6 spell levels left.
You didn't know any spells.

Dungeon Overview and Level Annotations

Branches:
Dungeon (8/15)
 Temple: D:4-7         Lair: D:8-11

Altars:
Dithmenos
Elyvilon
Yredelemnul

Annotations:
D:7 aves's ghost, novice VSFi


Innate Abilities, Weirdness & Mutations

You reflexively headbutt those who attack you in melee.
You have a pair of horns on your head.


Message History

Found an elf skeleton.
You see here an elf skeleton.
An iguana comes into view.
The iguana hisses angrily.
The iguana misses you.
Found a meat ration.
The iguana closely misses you. You furiously retaliate!
You headbutt the iguana, but do no damage.
The iguana bites you but does no damage.
You see here a meat ration.
The iguana bites you but does no damage.
You feel a little less mighty now.
You feel a little less clever now. The iguana bites you.
* * * LOW HITPOINT WARNING * * *
The orc throws a tomahawk.
The tomahawk misses you.
You hear the slow hiss of an avalanche of sand.
There is a stone staircase leading down here.
The iguana bites you but does no damage.
The iguana bites you!
You die...

.......÷.# #.## ........#..#
#####.##### ....###.###..÷
#...#.....#. ##......##
#####...........
###..##.#######............
........(...<.....(........
.....##.....................
..... #..#..#...............
[... ##$.#.@#...............
.... #......l..............#
........>.............##
...#########............ ...
+..........# ....#. ##....
....


You could see an iguana.

Vanquished Creatures
  Sigmund (D:3)
  An ogre (D:7)
  A centaur (D:7)
  A scorpion (D:7)
  3 killer bees (D:7)
  2 crimson imps (D:7)
  A giant frog zombie (D:7)
  Jessica (D:3)
  Terence (D:3)
  An orc wizard (D:7)
  3 worker ants
  A gnoll (D:1)
  7 adders
  An ooze (D:3)
  3 worms
  4 giant geckos
  4 orcs
  9 goblins
  10 hobgoblins
  7 jackals
  A quokka (D:3)
  8 bats
  4 giant cockroaches
  9 giant newts
  5 kobolds
  6 rats
95 creatures vanquished.

Notes
Turn   | Place    | Note
--------------------------------------------------------------
     0 | D:1      | Mysteryquy the Minotaur Berserker began the quest for the Orb.
     0 | D:1      | Reached XP level 1. HP: 19/19 MP: 0/0
    40 | D:1      | Reached skill level 4 in Axes
    97 | D:1      | Reached XP level 2. HP: 6/26 MP: 1/1
   452 | D:1      | Reached skill level 5 in Axes
   492 | D:1      | Reached XP level 3. HP: 27/31 MP: 2/2
   507 | D:1      | Reached ** piety under Trog
  1019 | D:2      | Found a white marble altar of Elyvilon.
  1073 | D:2      | Reached skill level 6 in Axes
  1073 | D:2      | Reached XP level 4. HP: 35/39 MP: 3/3
  1111 | D:2      | Found a shadowy altar of Dithmenos.
  1260 | D:2      | Found a basalt altar of Yredelemnul.
  1752 | D:3      | Noticed Sigmund
  1769 | D:3      | Killed Sigmund
  1769 | D:3      | Reached skill level 8 in Axes
  1769 | D:3      | Reached XP level 5. HP: 6/45 MP: 4/4
  1769 | D:3      | Reached XP level 6. HP: 6/51 MP: 5/5
  2125 | D:3      | Found a faded altar to an unknown god.
  2155 | D:3      | Reached *** piety under Trog
  2312 | D:3      | Noticed Terence
  2321 | D:3      | Killed Terence
  2549 | D:3      | Noticed Jessica
  2554 | D:3      | Killed Jessica
  2711 | D:4      | Reached skill level 9 in Axes
  2755 | D:4      | You fall through a shaft for 3 floors!
  2848 | D:7      | Reached XP level 7. HP: 42/57 MP: 6/6
  2878 | D:7      | Reached skill level 10 in Axes
  2890 | D:7      | Reached **** piety under Trog
  2890 | D:7      | Reached skill level 11 in Axes
  2908 | D:7      | Noticed aves's ghost (novice VSFi)
  2997 | D:8      | Slain by an iguana

Action                   |  1- 3 |  4- 6 |  7- 9 || total
-------------------------+-------+-------+-------++-------
Melee: Hand axe          |    88 |   141 |    15 ||   244
Invok: Berserk           |       |     1 |     1 ||     2
  Use: Potion            |       |       |     6 ||     6
  Eat: Chunk             |       |     7 |       ||     7
